 Dungeon Crawl Stone Soup version 0.27.1-33-g824d729ab1 (webtiles) character file.

Game seed: 13076332915532854162

144 potato4science the Sneak (level 5, -1/34 HPs)
             Began as an Octopode Hedge Wizard on Dec 22, 2021.
             Slain by a gnoll (5 damage)
             ... on level 3 of the Dungeon.
             The game lasted 00:10:23 (2554 turns).

potato4science the Sneak (Octopode Hedge Wizard)    Turns: 2554, Time: 00:10:23

Health: -1/34      AC:  1    Str:  9    XL:     5   Next: 26%
Magic:  9/9        EV: 13    Int: 18    God:
Gold:   102        SH:  0    Dex: 11    Spells: 7/10 levels left

rFire    . . .     SeeInvis .   a - +0 dagger
rCold    . . .     Faith    .   (no shield)
rNeg     . . .     Spirit   .   b - +0 hat
rPois    .         Reflect  .   (no amulet)
rElec    .         Harm     .   (no ring)
rCorr    .         Rampage  .   (no ring)
Will     .....                  (no ring)
Stlth    ++++......             (no ring)
HPRegen  0.11/turn              (no ring)
MPRegen  0.11/turn              (no ring)
                                (no ring)
                                (no ring)

@: no status effects
A: almost no armour, amphibious, 8 rings, camouflage 1, gelatinous body 1,
(nimble swimmer 1), tentacles
a: no special abilities


You were on level 3 of the Dungeon.
You visited 1 branch of the dungeon, and saw 3 of its levels.

You collected 102 gold pieces.

Inventory:

Hand Weapons
 a - a +0 dagger (weapon)
Armour
 b - a +0 hat (worn)
Scrolls
 d - a scroll of magic mapping {unknown}
 g - a scroll of fog {unknown}
 h - a scroll of identify {unknown}
Potions
 c - a potion of curing {unknown}
 e - a potion of brilliance {unknown}
 f - a potion of mutation {unknown}


   Skills:
 - Level 2.0 Fighting
 - Level 2.0 Short Blades
 - Level 2.0 Dodging
 + Level 4.6 Stealth
 - Level 3.0 Spellcasting
 - Level 2.0 Conjurations
 - Level 1.0 Summonings
 - Level 2.0 Translocations


You had 7 spell levels left.
You knew the following spells:

 Your Spells              Type           Power      Damage    Failure   Level
a - Magic Dart            Conj           36%        1d4       7%          1
b - Blink                 Tloc           N/A        N/A       11%         2

Your spell library contained the following spells:

 Spells                   Type           Power      Damage    Failure   Level
 Freeze                   Ice            8%         1d3       16%         1
 Call Imp                 Summ           6%         N/A       16%         2
 Slow                     Hex            2%         N/A       24%         2
 Conjure Flame            Conj/Fire      6%         6-21      32%         3
 Mephitic Cloud           Conj/Pois/Air  5%         N/A       36%         3
 Passage of Golubria      Tloc           N/A        N/A       56%         4
 Simulacrum               Ice/Necr       1%         N/A       100%        6
 Disjunction              Tloc           4%         N/A       100%        8


Dungeon Overview and Level Annotations

Branches:
Dungeon (3/15)

Altars:


Innate Abilities, Weirdness & Mutations

You cannot wear most types of armour.
You are amphibious.
You can wear up to eight rings at the same time.
Your skin changes colour to match your surroundings (Stealth+).
Your rubbery body absorbs attacks. (AC +1, EV +1)
((You are camouflaged near water. (Stealth+)))
You have tentacles for arms and can constrict up to eight enemies at once.


Message History

You constrict the bullfrog. The bullfrog hits you.
You hit the bullfrog but do no damage. Your squeeze misses the bullfrog.
The bullfrog is almost dead.
You constrict the bullfrog. The bullfrog hits you. x2
You hit the bullfrog.
You kill the bullfrog!
Training target 2.0 for Fighting reached!
Your Fighting skill increases to level 2!
You need to enable at least one skill for training.
Training target 2.0 for Short Blades reached!
Your Short Blades skill increases to level 2!
You need to enable at least one skill for training.
You have reached level 5!
You feel clever.
You start resting.
HP restored. 2 gnolls come into view.
A gnoll comes into view. It is wielding a +0 halberd.
Found 17 gold pieces.
The helpless gnoll fails to defend itself.
You puncture the gnoll!
You kill the gnoll!
The gnoll shouts!
You closely miss the gnoll.
The gnoll shouts!
You grab the gnoll.
You constrict the gnoll, but do no damage.
You hit the gnoll but do no damage. You constrict the gnoll.
The gnoll misses you. The gnoll hits you with a +0 spear.
You hit the gnoll but do no damage.
The gnoll is lightly wounded.
You constrict the gnoll.
The gnoll hits you from afar with a +0 halberd!
The gnoll hits you with a +0 spear!
* * * LOW HITPOINT WARNING * * *
You release your grip on the gnoll.
The gnoll hits you from afar with a +0 halberd.
* * * LOW HITPOINT WARNING * * *
The gnoll hits you with a +0 spear.
You die...

#^# #.# #.# #.#
.## #.# ...
#####.# ..###
#.....# ###.#. #
#..gg.# #....
.#+# #.$.)@#
#.#.###...
#####.#.##.#.#...
#.#......#.#
#.####)#...#
#......#.###
########.# #<#.#
#.#.# #######.#.#


You could see 2 gnolls.

Vanquished Creatures
  A bullfrog (D:3)
  3 adders
  A gnoll (D:3)
  A worm (D:2)
  An orc (D:3)
  4 ball pythons
  2 endoplasms (D:1)
  2 giant cockroaches
  2 hobgoblins
  4 jackals
  A quokka (D:2)
  8 bats
  2 frilled lizards
  7 goblins
  3 kobolds
  3 rats
45 creatures vanquished.

Notes
Turn   | Place    | Note
-------+----------+-------------------------------------------
     0 | D:1      | potato4science the Octopode Hedge Wizard began the quest
                  | for the Orb.
     0 | D:1      | Reached XP level 1. HP: 11/11 MP: 4/4
    82 | D:1      | Reached skill level 3 in Stealth
   298 | D:1      | Reached skill level 1 in Fighting
   349 | D:1      | Reached XP level 2. HP: 12/18 MP: 4/6
   564 | D:1      | Reached skill level 1 in Short Blades
  1011 | D:1      | Reached skill level 4 in Stealth
  1069 | D:1      | Reached XP level 3. HP: 23/23 MP: 7/7
  1239 | D:2      | Got Nebrah's Tome of Dislocation and the Glacier
  1530 | D:2      | Learned a level 2 spell: Blink
  1881 | D:2      | Reached XP level 4. HP: 27/28 MP: 4/8
  2021 | D:2      | Found a faded altar of an unknown god.
  2388 | D:3      | Noticed a bullfrog
  2394 | D:3      | Killed a bullfrog
  2395 | D:3      | Reached XP level 5. HP: 17/34 MP: 9/9
  2554 | D:3      | Slain by a gnoll

Illustrated notes

Levels and vault maps discovered:
D:1:      lemuel_arrival_funnel, layout_rooms, serial_aquarium,
          aquarium_bridge_straight [aquarium_subvault_bridge,
          aquarium_subvault_wall, aquarium_subvault_bridge,
          aquarium_subvault_window], aquarium_window_fake,
          aquarium_window_corridor_3, aquarium_window_fake, aquarium_window_1,
          aquarium_view_2b, aquarium_view_2c, aquarium_balcony_1b,
          aquarium_pool_side, chequers_arboretum, dk_noncrumbling_3
D:2:      layout_rooms, ebering_ecumenical_altar_rust
D:3:      layout_basic

Skill      XL: |  1  2  3  4 |
---------------+-------------+-----
Stealth        | 3 4 |  4.6
Fighting       | 1 2 |  2.0
Short Blades   | 1 2 |  2.0
Conjurations   | 2 |  2.0
Translocations | 2 |  2.0
Dodging        | |  2.0
Spellcasting   | |  3.0
Summonings     | |  1.0

Action                   |  1- 3 |  4- 6 || total
-------------------------+-------+-------++-------
Melee: Dagger            |    55 |    21 ||    76
       Constrict         |    14 |     5 ||    19
       Tentacles         |    10 |       ||    10
 Cast: Magic Dart        |    54 |       ||    54
 Stab: Sleeping          |     7 |     5 ||    12
Armor: Skin              |     4 |       ||     4
Dodge: Dodged            |    31 |     4 ||    35
